 Dungeon Crawl Stone Soup version 0.23.1 (webtiles) character file.

Game seed: 0

1005 Acheron the Shooter (level 8, -1/39 HPs)
             Began as a Vine Stalker Wanderer on Mar 18, 2019.
             Slain by an ogre
             ... wielding a +0 giant club
              (16 damage)
             ... on level 6 of the Dungeon.
             The game lasted 00:38:40 (5339 turns).

Acheron the Shooter (Vine Stalker Wanderer)         Turns: 5339, Time: 00:38:40

Health: -1/39      AC:  8    Str: 15    XL:     8   Next: 20%
Magic:  0/14       EV: 11    Int: 11    God:
Gold:   335        SH:  0    Dex: 17    Spells: 6/14 levels left

rFire    . . .     SeeInvis .   c - +1 shortbow
rCold    . . .     Gourm    .   (shield currently unavailable)
rNeg     . . .     Faith    .   b - +1 ring mail
rPois    .         Spirit   +   t - +2 hat
rElec    .         Reflect  .   (no cloak)
rCorr    .         Harm     .   (no gloves)
MR       +....                  (no boots)
Stlth    ++........             (no amulet)
HPRegen  0.53/turn              (no ring)
MPRegen  0.14/turn              (no ring)

@: no status effects
A: fangs 3, regeneration 1, magic shield, antimagic bite, no potion heal 3, rot
immunity
a: no special abilities


You were on level 6 of the Dungeon.
You were not hungry.

You visited 1 branch of the dungeon, and saw 7 of its levels.

You collected 335 gold pieces.

Inventory:

Hand Weapons
 c - a +1 shortbow (weapon)
 g - a +3 dagger of venom
 q - a +0 whip of freezing
 w - a +0 morningstar of protection
 x - the cursed +0 long sword "Pes Hiqana" {slice, rElec rF+}
   (You found it on level 4 of the Dungeon)

   It inflicts extra damage upon your enemies.
   It protects you from fire.
   It insulates you from electricity.
   It has a curse placed upon it.
 B - a +0 rapier
Missiles
 d - 108 arrows (quivered)
 h - 108 stones
 l - 11 poisoned needles
 r - 47 sling bullets
 s - 4 needles of confusion
 C - 4 javelins
Armour
 b - a +1 ring mail (worn)
 t - a +2 hat (worn)
Wands
 e - a wand of iceblast (8)
 y - a wand of scattershot (5)
Scrolls
 j - 2 scrolls of enchant weapon
 k - 2 scrolls of enchant armour
 u - 2 scrolls of remove curse
 z - a scroll of amnesia
Potions
 a - 3 potions of ambrosia
 i - a potion of brilliance {unknown}
 m - 2 potions of degeneration {unknown}
 n - a potion of mutation {unknown}
 o - 2 potions of flight
Comestibles
 f - 9 rations
 v - 6 chunks of flesh


   Skills:
 * Level 2.5 Fighting
 * Level 1.4 Maces & Flails
 + Level 3.8 Bows
 * Level 2.0 Armour
 * Level 2.1 Dodging
 * Level 3.5 Stealth
   Level 1.0 Shields
 * Level 3.6 Spellcasting
 * Level 2.6 Conjurations
 * Level 1.8 Summonings
   Level 2.0 Necromancy
 * Level 2.0 Translocations
 * Level 1.6 Fire Magic
   Level 1.0 Ice Magic
 * Level 1.2 Evocations


You had 6 spell levels left.
You knew the following spells:

 Your Spells              Type           Power        Failure   Level  Hunger
a - Magic Dart            Conj           #...         16%         1    #......
b - Blink                 Tloc           N/A          30%         2    ##.....
c - Call Imp              Summ           #.......     32%         2    ##.....
d - Conjure Flame         Conj/Fire      #.......     52%         3    ###....

Your spell library contained the following spells:

 Spells                   Type           Power        Failure   Level  Hunger
 Summon Small Mammal      Summ           #...         22%         1    #......
 Call Canine Familiar     Summ           #.......     54%         3    ###....
 Slow                     Hex            #.......     58%         2    ##.....
 Summon Guardian Golem    Hex/Summ       #.......     67%         3    ###....
 Mephitic Cloud           Conj/Pois/Air  #.......     69%         3    ###....
 Summon Ice Beast         Ice/Summ       #.......     95%         4    #####..
 Summon Lightning Spire   Summ/Air       #.......     97%         4    #####..


Dungeon Overview and Level Annotations

Branches:
Dungeon (7/15)
 Temple: D:4-7

Altars:
Dithmenos
Elyvilon
Kikubaaqudgha
Sif Muna
Yredelemnul

Annotations:
D:3 exclusion: downstairs
D:4 exclusion: downstairs
D:6 exclusion: upstairs


Innate Abilities, Weirdness & Mutations

You have razor-sharp teeth.
Your natural rate of healing is unusually fast.
When hurt, damage is shared between your health and your magic reserves.
Your bite disrupts and absorbs the magic of your enemies.
Potions cannot restore your health.
You are immune to rotting.


Message History

Aim: an ogre, wielding a +0 giant club (severely wounded)
You shoot an arrow. The arrow hits the ogre!
The ogre is almost dead.
The ogre closely misses you.
Firing (i - inventory. (/) - cycle)
d - 111 arrows (quivered)
Press: ? - help, Shift-Dir - straight line, f/p - ogre
Aim: an ogre, wielding a +0 giant club (almost dead)
You shoot an arrow. The arrow closely misses the ogre.
The ogre hits you with a +0 giant club!!
Firing (i - inventory. (/) - cycle)
d - 110 arrows (quivered)
Press: ? - help, Shift-Dir - straight line, f/p - ogre
Aim: an ogre, wielding a +0 giant club (severely wounded)
You shoot an arrow. The arrow hits the ogre.
The ogre is almost dead.
Firing (i - inventory. (/) - cycle)
d - 109 arrows (quivered)
Press: ? - help, Shift-Dir - straight line, f/p - ogre
Aim: an ogre, wielding a +0 giant club (almost dead)
You shoot an arrow. The arrow barely misses the ogre.
The ogre hits you with a +0 giant club!!
You die...

#........#.##....#≈♣ ≈≈≈≈P≈≈≈≈
#........#.##...≈♣≈≈≈≈≈P≈≈≈≈≈≈
#........#.##..♣≈≈≈≈≈≈P≈≈≈≈≈≈≈
#........#..#.♣♣P≈≈≈≈≈≈≈≈≈≈≈≈≈
#........##.#.≈≈≈≈≈≈≈≈≈≈≈≈≈≈≈≈
#........##...≈♣
############).#P≈P≈ #.># ♣≈
##@# #..O....# #..(....#
#..(....# #..(....# #..(....#
#.......# #.......#


You could see an ogre.

Vanquished Creatures
  Eustachio (D:4)
  2 phantoms
  A centaur (D:5)
  Blork the orc (D:5)
  A crimson imp (D:6)
  A centaur zombie (D:5)
  3 hounds
  2 orc wizards
  2 orc priests (D:6)
  Ijyb (D:4)
  2 worker ants
  A killer bee zombie (D:6)
  A hound skeleton (D:5)
  A worker ant zombie (D:2)
  7 adders
  2 shadow imps
  An ooze (D:3)
  2 adder skeletons (D:2)
  2 worms (D:2)
  A dart slug (D:1)
  2 leopard geckos
  8 orcs
  A ball python (D:1)
  4 bats
  A bat skeleton (D:2)
  A bat zombie (D:2)
  4 giant cockroaches
  5 goblins
  A hobgoblin (D:2)
  2 jackals (D:6)
  5 kobolds
  4 quokkas
  4 frilled lizards
  A giant cockroach zombie (D:2)
  A jackal zombie (D:2)
  A quokka skeleton (D:6)
  7 rats
  A plant (D:6)
88 creatures vanquished.

Notes
Turn   | Place    | Note
-------+----------+-------------------------------------------
     0 | D:1      | Acheron the Vine Stalker Wanderer began the quest for the
                  | Orb.
     0 | D:1      | Acheron set off with the following items: a +0 ring mail, a
                  | +0 shortbow, 28 arrows, a ration; and the following spell
                  | memorised: Magic Dart; and the following spells available
                  | to memorise: Blink, Call Imp, Slow, Conjure Flame, Mephitic
                  | Cloud
     0 | D:1      | Reached XP level 1. HP: 10/10 MP: 4/4
   318 | D:2      | Reached XP level 2. HP: 14/14 MP: 6/6
   322 | D:2      | Learned a level 2 spell: Blink
   325 | D:2      | Learned a level 2 spell: Call Imp
   523 | D:1      | Reached skill level 1 in Conjurations
   816 | D:2      | Reached XP level 3. HP: 10/18 MP: 6/8
  1138 | D:2      | Found an ancient bone altar of Kikubaaqudgha.
  1156 | D:2      | Reached skill level 1 in Dodging
  1386 | D:2      | Gained mutation: Your natural rate of healing is unusually
                  | fast. [Vine Stalker growth]
  1386 | D:2      | Reached XP level 4. HP: 22/22 MP: 9/9
  1429 | D:2      | Found a shadowy altar of Dithmenos.
  2313 | D:4      | Noticed Eustachio
  2849 | D:3      | Learned a level 3 spell: Conjure Flame
  2952 | D:5      | Entered Level 5 of the Dungeon
  2953 | D:5      | Noticed a centaur
  2953 | D:5      | Noticed a phantom
  2972 | D:5      | Reached XP level 5. HP: 21/25 MP: 8/10
  2981 | D:5      | Killed a centaur
  3059 | D:5      | Noticed Blork the orc
  3083 | D:5      | Noticed a phantom
  3130 | D:5      | Reached skill level 1 in Armour
  3130 | D:5      | Reached XP level 6. HP: 9/30 MP: 3/11
  3140 | D:5      | Noticed a sky beast
  3147 | D:5      | Killed a phantom
  3147 | D:5      | Reached skill level 1 in Translocations
  3553 | D:5      | Killed Blork the orc
  3553 | D:5      | Reached skill level 1 in Summonings
  3553 | D:5      | Reached skill level 1 in Fire Magic
  3566 | D:5      | Reached XP level 7. HP: 30/34 MP: 9/12
  3767 | D:4      | Got a crude long sword
  3956 | D:4      | Noticed Ijyb
  3972 | D:4      | Killed Ijyb
  4181 | D:4      | Killed Eustachio
  4186 | D:4      | Reached skill level 1 in Evocations
  4451 | D:4      | Found a basalt altar of Yredelemnul.
  4574 | D:4      | Reached skill level 1 in Maces & Flails
  4574 | D:4      | Gained mutation: You have razor-sharp teeth. [Vine Stalker
                  | growth]
  4574 | D:4      | Reached XP level 8. HP: 39/39 MP: 12/14
  4828 | D:6      | Found a deep blue altar of Sif Muna.
  5021 | D:6      | Identified the cursed +0 long sword "Pes Hiqana" {slice,
                  | rElec rF+} (You found it on level 4 of the Dungeon)
  5180 | D:6      | Found a white marble altar of Elyvilon.
  5339 | D:6      | Slain by an ogre

Skill      XL: |  1  2  3  4  5  6  7  8 |
---------------+-------------------------+-----
Conjurations   | 1 2 |  2.6
Bows           | 2 3 |  3.8
Dodging        | 1 2 |  2.1
Stealth        | 2 3 |  3.5
Spellcasting   | 3 |  3.6
Armour         | 1 2 |  2.0
Translocations | 1 2 |  2.0
Summonings     | 1 |  1.8
Fire Magic     | 1 |  1.6
Fighting       | 2 |  2.5
Evocations     | 1 |  1.2
Maces & Flails | 1 |  1.4
Shields        | |  1.0
Necromancy     | |  2.0
Ice Magic      | |  1.0

Action                   |  1- 3 |  4- 6 |  7- 9 || total
-------------------------+-------+-------+-------++-------
Melee: Morningstar       |       |       |   116 ||   116
       Bite              |       |       |    40 ||    40
 Fire: Shortbow          |   101 |   169 |    71 ||   341
 Cast: Magic Dart        |     5 |       |       ||     5
       Blink             |     2 |     1 |       ||     3
Evoke: Wand              |       |     1 |     2 ||     3
  Use: Scroll            |     1 |     9 |     4 ||    14
       Potion            |       |     3 |     3 ||     6
 Stab: Sleeping          |       |       |     2 ||     2
  Eat: Chunk             |     1 |     6 |     4 ||    11
       Ration            |       |     1 |       ||     1
Armor: Ring mail         |    45 |    44 |    61 ||   150
Dodge: Dodged            |    34 |    46 |    81 ||   161
